AoeStats
← danjo

Golden Pit

509825456Analyzed
1v1 RM · 4d ago on Sep 28, 2026· 19m 53s· 2 players
Game mode
Random Map
Map size
Tiny (2 player)
Population
200
Speed
Normal
Resources
Standard
Victory
Conquest
Starting age
Dark Age
Ending age
Imperial Age
RankedLock teamsTeams togetherTeam positionsShared explorationLock speedFull tech treeHidden civsTurbo modeCheats
Victory
Defeat
🇨🇦 Inca · Canada
1121
+16
🇩🇪 Malians · Germany
1131
-16
DaiFeiLo
10:47 Feudal Age
11:20 Double-Bit Axe
11:17 Horse Collar
11:31 Champi Runner
14:30 Forging
14:47 Arson
15:37 Scale Mail Armor
danjo
10:46 Feudal Age
10:32 Loom
20:47 Castle Age
Connection lost

Rejoining the realm…

Still unreachable

The connection could not be restored.

Session expired

The server has moved on; the page needs a fresh start.